 Dungeon Crawl Stone Soup version 0.19-a0-1254-gb9c29c0 (webtiles) character file.

1508 rlgrobin the Zephyrmancer (level 8, -7/50 HPs)
             Began as an Octopode Venom Mage on Aug 27, 2016.
             Was a Believer of Sif Muna.
             Splashed by a jelly's acid (11 damage)
             ... on level 7 of the Dungeon.
             The game lasted 00:13:55 (8096 turns).

rlgrobin the Zephyrmancer (Octopode Venom Mage)     Turns: 8096, Time: 00:13:56

Health: -7/50      AC: -11   Str:  8    XL:     8   Next: 82%
Magic:  7/11       EV: 13    Int: 17    God:    Sif Muna [**....]
Gold:   320        SH:  0    Dex: 12    Spells: 3 memorised, 3 levels left

rFire  . . .     SeeInvis .     f - +3 dagger (elec)
rCold  . . .     Gourm    .     (no shield)
rNeg   . . .     Faith    .     (helmet restricted)
rPois  .         Spirit   .     (no amulet)
rElec  .         Dismiss  .     (no ring)
rCorr  .         Reflect  .     (no ring)
MR     .....     Harm     .     (no ring)
Stlth  +++....... Clarity  +    (no ring)
                                (no ring)
                                (no ring)
                                (no ring)
                                (no ring)

@: corroded
A: almost no armour, stealthy swim, amphibious, 8 rings, constrict 8, antennae
1, camouflage 1, blurry vision 1, clarity, dopey 1, robust 1, gelatinous body 1
a: Divine Energy, Renounce Religion


You were on level 7 of the Dungeon.
You worshipped Sif Muna.
Sif Muna was pleased with you.
You were not hungry.

You visited 2 branches of the dungeon, and saw 8 of its levels.

You collected 435 gold pieces.
You spent 115 gold pieces at shops.

Inventory:

Hand Weapons
 f - a +3 dagger of electrocution (weapon)
Wands
 s - a wand of lightning (15/15)
 u - a wand of digging (11/24)
Scrolls
 c - 10 scrolls of identify
 i - 3 scrolls of remove curse
 q - a scroll of recharging
 r - 3 scrolls of teleportation
 t - a scroll of fear
Potions
 d - a potion of haste
 e - a potion of brilliance
 h - 2 potions of cancellation
 k - 2 potions of heal wounds
 n - a potion of flight
 p - a potion of curing
Books
 a - a book of Spatial Translocations

   Spells                             Type                      Level
   a - Apportation                    Translocation                1
   b - Blink                          Translocation                2
   c - Shroud of Golubria             Charms/Translocation         2
   d - Portal Projectile              Translocation                3
   e - Teleport Other                 Translocation                3
   f - Passage of Golubria            Translocation                4
 g - a book of the Sky

   Spells                             Type                      Level
   a - Summon Lightning Spire         Summoning/Air                4
   b - Airstrike                      Air                          4
   c - Silence                        Hexes/Air                    5
   d - Deflect Missiles               Charms/Air                   6
   e - Conjure Ball Lightning         Conjuration/Air              6
   f - Tornado                        Air                          9
Comestibles
 b - 2 bread rations
 j - 2 slices of pizza
 l - 3 meat rations
 m - 10 fruits
 o - 5 beef jerkies


   Skills:
 - Level 2.0 Dodging
 - Level 2.6 Stealth
 - Level 2.0 Spellcasting
 - Level 4.6 Conjurations
 + Level 8.7 Air Magic
 - Level 6.5 Poison Magic


You had 3 spell levels left.
You knew the following spells:

 Your Spells              Type           Power        Failure   Level  Hunger
a - Sting                 Conj/Pois      ###.         1%          1    #......
b - Mephitic Cloud        Conj/Pois/Air  ###.....     4%          3    ###....
c - Airstrike             Air            ####......   8%          4    #####..


Dungeon Overview and Level Annotations

Branches:
Dungeon (7/15)             Temple (1/1) D:4

Altars:
Cheibriados
Dithmenos
Elyvilon
Fedhas
Gozag
Makhleb
Nemelex Xobeh
Okawaru
Qazlal
Ru
Sif Muna
Trog
Uskayaw
Vehumet
Xom
Zin
The Shining One

Shops:
D:5 ?

Annotations:
D:3 rlgrobin's ghost, amateur OpVM


Innate Abilities, Weirdness & Mutations

You cannot wear most types of armour.
You are very stealthy in the water.
You are amphibious.
You can wear up to eight rings at the same time.
You can use your tentacles to constrict eight enemies at once.
Your skin changes colour to match your surroundings (Stealth+).
Your rubbery body absorbs attacks. (AC +1, EV +1)
You have a pair of small antennae on your head.
Scrolls take you a little longer to read.
You possess an exceptional clarity of mind.
You are dopey. (Int -2)
You are robust. (+10% HP)


Message History

The jelly misses you.
You barely miss the jelly. Your squeeze misses the jelly.
The jelly is heavily wounded.
The jelly hits you but does no damage.
You hit the jelly. The acid corrodes you!
Your tentacles burn!
The jelly is severely wounded.
The jelly barely misses you.
You hit the jelly.
Your tentacles burn!
The jelly is almost dead.
The jelly hits you.
You are splashed with acid!
The acid burns!
You hit the jelly but do no damage. The acid corrodes you!
Your tentacles burn!
The jelly is almost dead.
The jelly hits you.
You are splashed with acid!
The acid corrodes you!
The acid burns!
* * * LOW HITPOINT WARNING * * *
You are too injured to fight recklessly!
The jelly hits you.
* * * LOW HITPOINT WARNING * * *
You are splashed with acid!
The acid burns!
You die...

## ####.# #....#
##...# ### ###
##...@##..## #.##
#....#J....# ##..##
##...>.......#
#....###..†..........#
#....##..............#
#....##...............
#....#................
#..(..................
##..####..............


You could see a jelly.

Vanquished Creatures
  An orc warrior (D:7)
  An ice beast (D:6)
  A sky beast (D:5)
  2 ogres (D:7)
  3 giant frogs (D:6)
  A centaur zombie (D:7)
  3 crimson imps
  6 hounds
  A jelly (D:7)
  2 orc priests
  4 orc wizards
  An iguana (D:7)
  Ijyb (D:2)
  2 worker ants
  2 hound skeletons (D:5)
  6 adders
  3 gnolls (D:2)
  A shadow imp (D:7)
  2 oozes
  2 adder zombies
  8 worms
  A dart slug (D:2)
  6 giant geckos
  16 orcs
  6 giant cockroaches
  5 goblins
  A hobgoblin (D:3)
  9 jackals
  2 quokkas
  3 ball pythons
  6 bats
  A giant gecko skeleton (D:4)
  4 giant newts
  6 kobolds
  A quokka skeleton (D:6)
  6 rats
126 creatures vanquished.

Notes
Turn   | Place    | Note
-------+----------+-------------------------------------------
     0 | D:1      | rlgrobin the Octopode Venom Mage began the quest for the Orb.
     0 | D:1      | Reached XP level 1. HP: 11/11 MP: 3/3
   336 | D:1      | Reached skill level 5 in Poison Magic
   594 | D:1      | Reached skill level 1 in Conjurations
   594 | D:1      | Reached XP level 2. HP: 17/17 MP: 5/5
  1224 | D:1      | Gained mutation: You have an increased reservoir of magic. (+10% MP) [potion of mutation]
  1224 | D:1      | Gained mutation: You have a pair of small antennae on your head. [potion of mutation]
  1224 | D:1      | Gained mutation: Scrolls take you a little longer to read. [potion of mutation]
  1233 | D:1      | Reached XP level 3. HP: 21/21 MP: 6/6
  1347 | D:2      | Gained mutation: You possess an exceptional clarity of mind. [potion of mutation]
  1347 | D:2      | Lost mutation: You have an increased reservoir of magic. (+10% MP) [potion of mutation]
  1347 | D:2      | Gained mutation: You are robust. (+10% HP) [potion of mutation]
  1442 | D:2      | Reached XP level 4. HP: 22/29 MP: 4/7
  2084 | D:2      | Noticed Ijyb
  2097 | D:2      | Reached XP level 5. HP: 30/34 MP: 3/8
  2158 | D:2      | Killed Ijyb
  2426 | D:3      | Noticed rlgrobin's ghost (amateur OpVM)
  2648 | D:3      | Learned a level 3 spell: Mephitic Cloud
  2865 | D:3      | Found a radiant altar of Vehumet.
  3078 | D:3      | Found a glowing golden altar of the Shining One.
  3240 | D:4      | Reached skill level 1 in Air Magic
  3512 | D:4      | Reached XP level 6. HP: 32/39 MP: 9/9
  3680 | D:4      | Found a staircase to the Ecumenical Temple.
  3746 | Temple   | Entered the Ecumenical Temple
  3878 | Temple   | Became a worshipper of Sif Muna the Loreminder
  4256 | D:4      | Found a blossoming altar of Fedhas.
  4315 | D:4      | Reached skill level 2 in Air Magic
  4351 | D:5      | Entered Level 5 of the Dungeon
  4424 | D:5      | Found a hide-covered altar of Uskayaw.
  4435 | D:5      | Found a shadowy altar of Dithmenos.
  4714 | D:5      | Learned a level 4 spell: Airstrike
  4900 | D:5      | Reached skill level 3 in Air Magic
  4918 | D:5      | Found Noprah's Magic Scroll Boutique.
  4926 | D:5      | Bought a scroll of identify for 22 gold pieces
  4926 | D:5      | Bought a scroll of identify for 22 gold pieces
  4926 | D:5      | Bought a scroll of teleportation for 33 gold pieces
  4926 | D:5      | Bought a scroll of fear for 38 gold pieces
  4966 | D:5      | Reached XP level 7. HP: 43/45 MP: 5/10
  5093 | D:5      | Reached skill level 4 in Air Magic
  5103 | D:5      | Gained mutation: You are dopey. (Int -2) [mutagenic meat]
  5381 | D:6      | Reached * piety under Sif Muna
  5387 | D:6      | Reached skill level 5 in Air Magic
  6091 | D:6      | Reached skill level 6 in Air Magic
  6091 | D:6      | Reached XP level 8. HP: 35/50 MP: 11/11
  6958 | D:7      | Reached skill level 7 in Air Magic
  7402 | D:7      | Reached skill level 8 in Air Magic
  7438 | D:7      | Reached ** piety under Sif Muna
  7778 | D:7      | Found a snail-covered altar of Cheibriados.
  8096 | D:7      | Splashed by a jelly's acid

Vault maps used:
D:1:      dpeg_chamrin_arrival_tetris
D:2:      uniq_iyjb
D:3:      nicolae_overflow_crystal_walls, fiery_altar_vehumet, first_bread,
          minmay_misc_feat_plants, st_stairs_10
D:4:      fedhas_altar_fruit_tree, minmay_misc_feat_encased
D:5:      amethyst_overflow_temple_binary, serial_shops, shop
D:7:      ashenzari_conservatory_becter, nicolae_overflow_hidden_temple
Temple:   jpeg_temple_clearing

Skill      XL: |  1  2  3  4  5  6  7  8 |
---------------+-------------------------+-----
Poison Magic   | 5 6 |  6.5
Conjurations   | 1 2 3 4 |  4.6
Air Magic      | 1 3 6 8 |  8.7
Dodging        | |  2.0
Stealth        | |  2.6
Spellcasting   | |  2.0

Action                   |  1- 3 |  4- 6 |  7- 9 || total
-------------------------+-------+-------+-------++-------
Melee: Dagger            |    34 |   105 |   114 ||   253
       Unarmed           |     3 |       |       ||     3
       Constrict         |     8 |    28 |    18 ||    54
       Tentacles         |     4 |    12 |    12 ||    28
 Cast: Sting             |    17 |    60 |    34 ||   111
       Mephitic Cloud    |       |     2 |     6 ||     8
       Airstrike         |       |       |     3 ||     3
  Use: Potion            |     6 |       |       ||     6
       Scroll            |       |     9 |     1 ||    10
 Stab: Sleeping          |     7 |     7 |    10 ||    24
       Confused          |       |     1 |     1 ||     2
  Eat: Chunk             |     2 |    11 |    11 ||    24
       Fruit             |       |       |     3 ||     3
Armor: Skin              |    18 |     2 |     1 ||    21
Dodge: Dodged            |    30 |    55 |    42 ||   127
